| TOP OF THE 1ST |
|
Syracuse Chiefs batting - Pitching for Las Vegas 51s : RHP Alex Walmsley
|
|
Pitching: RHP Alex Walmsley
|
|
|
Batting: LHB Ray Whitehead
|
0-0: Ball 1-0: Called Strike 1-1: Fly out, F3 (Line Drive, 3, EV 66.3 MPH)
|
|
Batting: RHB Dan Hilyer
|
0-0: Fly out, F5 (Popup, 5, EV 56.3 MPH)
|
|
Batting: RHB John Loving
|
0-0: Ball 1-0: Ground out 5-3 (Groundball, 56, EV 97.5 MPH)
|
| Top of the 1st over - 0 runs, 0 hits, 0 errors, 0 left on base; Syracuse 0 - Las Vegas 0 |
| BOTTOM OF THE 1ST |
|
Las Vegas 51s batting - Pitching for Syracuse Chiefs : RHP Chitoji Takemoto
|
|
Pitching: RHP Chitoji Takemoto
|
|
|
Batting: RHB Jonathan Lugo
|
0-0: Ball 1-0: Ground out 1-3 (Groundball, 13S, EV 71.3 MPH)
|
|
Batting: RHB Kyle Crespo
|
0-0: Called Strike 0-1: Foul Ball, location: 2F 0-2: Ball 1-2: Ball 2-2: Strikes out swinging
|
|
Batting: SHB Tony Pantaleon
|
0-0: Ball 1-0: Swinging Strike 1-1: Ball 2-1: SINGLE (Line Drive, 8LS, EV 101.9 MPH)
|
|
Batting: RHB Tony Spivey
|
0-0: Ball 1-0: Foul Ball, location: 2F 1-1: Ball 2-1: Swinging Strike 2-2: Strikes out looking
|
| Bottom of the 1st over - 0 runs, 1 hit, 0 errors, 1 left on base; Syracuse 0 - Las Vegas 0 |
| TOP OF THE 2ND |
|
Syracuse Chiefs batting - Pitching for Las Vegas 51s : RHP Alex Walmsley
|
|
Batting: LHB Dustin Bale
|
0-0: Foul Ball, location: 2F 0-1: Ball 1-1: Ball 2-1: Ball 3-1: DOUBLE (Flyball, 8RXD, EV 95.6 MPH)
|
|
Batting: RHB Omar Lopez
|
0-0: Called Strike 0-1: Fly out, F8 (Flyball, 89S, EV 89.4 MPH)
|
|
Batting: LHB Wilson Sanchez
|
0-0: Ball 1-0: Ball 2-0: Foul Ball, location: 2F 2-1: Ball 3-1: Foul Ball, location: 2F 3-2: Foul Ball, location: 2F 3-2: Foul Ball, location: 2F 3-2: Ground out 1-3 (Groundball, 15S, EV 67.5 MPH)
|
|
Batting: RHB Darnell Jones
|
0-0: Called Strike 0-1: SINGLE (Groundball, 4MD, EV 104.4 MPH) Dustin Bale to third Runner from 3rd tries for Home, SAFE, throw by CF to home
|
|
Batting: RHB Mike Strey
|
0-0: Ball 1-0: Called Strike 1-1: Ball 2-1: Fly out, F2 (Popup, 2LF, EV 93.8 MPH)
|
| Top of the 2nd over - 1 run, 2 hits, 0 errors, 1 left on base; Syracuse 1 - Las Vegas 0 |
| BOTTOM OF THE 2ND |
|
Las Vegas 51s batting - Pitching for Syracuse Chiefs : RHP Chitoji Takemoto
|
|
Batting: RHB Jon Zimmerman
|
0-0: Called Strike 0-1: Foul Ball, location: 2F 0-2: Foul Ball, location: 2F 0-2: Strikes out swinging
|
|
Batting: RHB Jalen Martin
|
0-0: Ball 1-0: Called Strike 1-1: Fly out, F8 (Flyball, 8LD, EV 84.4 MPH)
|
|
Batting: SHB Lorenzo Rubio
|
0-0: Ball 1-0: Ball 2-0: Ball 3-0: Swinging Strike 3-1: Swinging Strike 3-2: Strikes out swinging
|
| Bottom of the 2nd over - 0 runs, 0 hits, 0 errors, 0 left on base; Syracuse 1 - Las Vegas 0 |
| TOP OF THE 3RD |
|
Syracuse Chiefs batting - Pitching for Las Vegas 51s : RHP Alex Walmsley
|
|
Batting: LHB Chitoji Takemoto
|
0-0: Swinging Strike 0-1: Called Strike 0-2: Ball 1-2: Ball 2-2: Ball 3-2: Ground out 1-3 (Groundball, 34S, EV 75.6 MPH)
|
|
Batting: LHB Ray Whitehead
|
0-0: Ball 1-0: Foul Ball, location: 2F 1-1: Fly out, F8 (Flyball, 8RD, EV 77.5 MPH)
|
|
Batting: RHB Dan Hilyer
|
0-0: SINGLE (Groundball, 25, EV 73.8 MPH) (infield hit)
|
|
Batting: RHB John Loving
|
0-0: Called Strike 0-1: Foul Ball, location: 2F 0-2: Ball Dan Hilyer steals 2nd base 1-2: Foul Ball, location: 2F 1-2: Ball 2-2: Ground out 6-3 (Groundball, 6, EV 80.6 MPH)
|
| Top of the 3rd over - 0 runs, 1 hit, 0 errors, 1 left on base; Syracuse 1 - Las Vegas 0 |
| BOTTOM OF THE 3RD |
|
Las Vegas 51s batting - Pitching for Syracuse Chiefs : RHP Chitoji Takemoto
|
|
Batting: RHB Julio Casillas
|
0-0: Swinging Strike 0-1: Ball 1-1: Ball 2-1: Foul Ball, location: 2F 2-2: Strikes out looking
|
|
Batting: RHB Alex Walmsley
|
0-0: Ball 1-0: Ball 2-0: Called Strike 2-1: Foul Ball, location: 2F 2-2: Foul Ball, location: 2F 2-2: Strikes out swinging
|
|
Batting: RHB Jonathan Lugo
|
0-0: Foul Ball, location: 2F 0-1: Ground out 4-3 (Groundball, 4, EV 82.5 MPH)
|
| Bottom of the 3rd over - 0 runs, 0 hits, 0 errors, 0 left on base; Syracuse 1 - Las Vegas 0 |
| TOP OF THE 4TH |
|
Syracuse Chiefs batting - Pitching for Las Vegas 51s : RHP Alex Walmsley
|
|
Batting: LHB Dustin Bale
|
0-0: Ball 1-0: Single, Error in OF, E8, batter to second base (Groundball, 6MD, EV 104.4 MPH)
|
|
Batting: RHB Omar Lopez
|
0-0: Ball 1-0: SINGLE (Groundball, 6D, EV 105.6 MPH) Dustin Bale to third Runner from 3rd tries for Home, SAFE, throw by LF to home
|
|
Batting: LHB Wilson Sanchez
|
0-0: Foul Ball, location: 2F 0-1: Ball 1-1: Ball 2-1: Ground out 6-3 (Groundball, 56, EV 87.5 MPH) Omar Lopez to second
|
|
Batting: RHB Darnell Jones
|
0-0: Ball 1-0: Called Strike 1-1: Foul Ball, location: 2F 1-2: Foul Ball, location: 2F 1-2: Ball 2-2: Foul Ball, location: 2F 2-2: Ball Wild Pitch! Omar Lopez to third 3-2: SINGLE (Groundball, 6MD, EV 94.4 MPH) Omar Lopez scores
|
|
Batting: RHB Mike Strey
|
0-0: Called Strike 0-1: Foul Ball, location: 2F 0-2: Fly out, F9 (Line Drive, 9, EV 90.6 MPH)
|
|
Batting: LHB Chitoji Takemoto
|
0-0: Ball 1-0: Ball 2-0: Ball 3-0: Called Strike 3-1: Fly out, F8 (Flyball, 8LM, EV 78.8 MPH)
|
| Top of the 4th over - 2 runs, 3 hits, 1 error, 1 left on base; Syracuse 3 - Las Vegas 0 |
| BOTTOM OF THE 4TH |
|
Las Vegas 51s batting - Pitching for Syracuse Chiefs : RHP Chitoji Takemoto
|
|
Batting: RHB Kyle Crespo
|
0-0: Foul Ball, location: 2F 0-1: Called Strike 0-2: Ball 1-2: Fly out, F7 (Flyball, 7D, EV 102.5 MPH)
|
|
Batting: SHB Tony Pantaleon
|
0-0: Called Strike 0-1: Ball 1-1: Ball 2-1: Foul Ball, location: 2F 2-2: Fly out, F8 (Flyball, 78D, EV 95.6 MPH)
|
|
Batting: RHB Tony Spivey
|
0-0: Foul Ball, location: 2F 0-1: Ball 1-1: Ball 2-1: Swinging Strike 2-2: Strikes out swinging, 2-3 out at first.
|
| Bottom of the 4th over - 0 runs, 0 hits, 0 errors, 0 left on base; Syracuse 3 - Las Vegas 0 |
| TOP OF THE 5TH |
|
Syracuse Chiefs batting - Pitching for Las Vegas 51s : RHP Alex Walmsley
|
|
Batting: LHB Ray Whitehead
|
0-0: Ball 1-0: Swinging Strike 1-1: Called Strike 1-2: Foul Ball, location: 2F 1-2: Ball 2-2: DOUBLE (Groundball, 3L, EV 108.8 MPH)
|
|
Pitching: RHP Dave Marcelino
|
|
|
Batting: RHB Dan Hilyer
|
0-0: Called Strike 0-1: Ball 1-1: Fly out, F9 (Flyball, 9D, EV 100.6 MPH) Runner from 2nd tags up, SAFE at 3rd, no throw by RF
|
|
Batting: RHB John Loving
|
0-0: Ball 1-0: Foul Ball, location: 2F 1-1: Ball 2-1: Swinging Strike 2-2: Strikes out looking
|
|
Batting: LHB Dustin Bale
|
0-0: SINGLE (Groundball, 6D, EV 106.9 MPH) Ray Whitehead scores
|
|
Batting: RHB Omar Lopez
|
0-0: Called Strike 0-1: Ball 1-1: Foul Ball, location: 2F 1-2: Strikes out looking
|
| Top of the 5th over - 1 run, 2 hits, 0 errors, 1 left on base; Syracuse 4 - Las Vegas 0 |
| BOTTOM OF THE 5TH |
|
Las Vegas 51s batting - Pitching for Syracuse Chiefs : RHP Chitoji Takemoto
|
|
Batting: RHB Jon Zimmerman
|
0-0: Ball 1-0: Called Strike 1-1: Called Strike 1-2: Foul Ball, location: 2F 1-2: Fly out, F7 (Flyball, 7, EV 85.0 MPH)
|
|
Batting: RHB Jalen Martin
|
0-0: Ground out 1-3 (Groundball, 13S, EV 71.3 MPH)
|
|
Batting: SHB Lorenzo Rubio
|
0-0: Ball 1-0: Ball 2-0: Called Strike 2-1: Ball 3-1: Swinging Strike 3-2: Strikes out looking
|
| Bottom of the 5th over - 0 runs, 0 hits, 0 errors, 0 left on base; Syracuse 4 - Las Vegas 0 |
| TOP OF THE 6TH |
|
Syracuse Chiefs batting - Pitching for Las Vegas 51s : RHP Dave Marcelino
|
|
Batting: LHB Wilson Sanchez
|
0-0: Called Strike 0-1: Ball 1-1: Swinging Strike 1-2: Foul Ball, location: 2F 1-2: Foul Ball, location: 2F 1-2: Ball 2-2: Ball 3-2: Base on Balls
|
|
Batting: RHB Darnell Jones
|
0-0: Called Strike 0-1: Ball 1-1: Ball 2-1: Ball 3-1: Fielders Choice at 2nd, 6-4 (Groundball, 6D, EV 91.3 MPH)
|
|
Batting: RHB Mike Strey
|
0-0: Ball 1-0: Swinging Strike 1-1: Ball 2-1: Foul Ball, location: 2F 2-2: Foul Ball, location: 2F 2-2: Foul Ball, location: 2F 2-2: Ball 3-2: Fly out, F7 (Flyball, 7D, EV 85.6 MPH)
|
|
Batting: LHB Chitoji Takemoto
|
0-0: Ball 1-0: Ball 2-0: Swinging Strike 2-1: Foul Ball, location: 2F 2-2: Fly out, F6 (Flyball, 56D, EV 88.1 MPH)
|
| Top of the 6th over - 0 runs, 0 hits, 0 errors, 1 left on base; Syracuse 4 - Las Vegas 0 |
| BOTTOM OF THE 6TH |
|
Las Vegas 51s batting - Pitching for Syracuse Chiefs : RHP Chitoji Takemoto
|
|
Batting: RHB Julio Casillas
|
0-0: Ball 1-0: Ball 2-0: Foul Ball, location: 2F 2-1: Ball 3-1: Ground out 6-3 (Groundball, P, EV 88.1 MPH)
|
|
Pinch Hitting: RHB Graciano Pickford
|
0-0: SINGLE (Line Drive, 7S, EV 101.3 MPH)
|
|
Batting: RHB Jonathan Lugo
|
0-0: Ball 1-0: Called Strike 1-1: Fielders Choice at 2nd, 5-4 (Groundball, 56, EV 100.0 MPH)
|
|
Batting: RHB Kyle Crespo
|
0-0: Foul Ball, location: 2F 0-1: Ball 1-1: Ball 2-1: Ball 3-1: Foul Ball, location: 2F 3-2: Strikes out looking
|
| Bottom of the 6th over - 0 runs, 1 hit, 0 errors, 1 left on base; Syracuse 4 - Las Vegas 0 |
| TOP OF THE 7TH |
|
Syracuse Chiefs batting - Pitching for Las Vegas 51s : RHP Dave Marcelino
|
|
Pitching: RHP Manuel Avitia
|
|
|
Batting: LHB Ray Whitehead
|
0-0: Called Strike 0-1: Ball 1-1: Foul Ball, location: 2F 1-2: Ball 2-2: Ball 3-2: Base on Balls
|
|
Batting: RHB Dan Hilyer
|
0-0: Ball 1-0: Sac Bunt to 2L - play at first, batter OUT! 2-3 Ray Whitehead to second
|
|
Batting: RHB John Loving
|
0-0: Called Strike 0-1: Foul Ball, location: 2F 0-2: Strikes out swinging
|
|
Batting: LHB Dustin Bale
|
0-0: Ball 1-0: SINGLE (Groundball, 4MD, EV 103.8 MPH) Ray Whitehead to third Runner from 3rd tries for Home, SAFE, throw by CF to home
|
|
Batting: RHB Omar Lopez
|
0-0: Swinging Strike 0-1: Called Strike 0-2: Strikes out swinging
|
| Top of the 7th over - 1 run, 1 hit, 0 errors, 1 left on base; Syracuse 5 - Las Vegas 0 |
| BOTTOM OF THE 7TH |
|
Las Vegas 51s batting - Pitching for Syracuse Chiefs : RHP Chitoji Takemoto
|
|
Pitching: LHP Tom Lewis
|
|
|
Batting: SHB Tony Pantaleon
|
0-0: Ball 1-0: Ball 2-0: Called Strike 2-1: Ground out 5-3 (Groundball, 15, EV 93.8 MPH)
|
|
Batting: RHB Tony Spivey
|
0-0: Ball 1-0: Fly out, F4 (Popup, 34, EV 63.8 MPH)
|
|
Batting: RHB Jon Zimmerman
|
0-0: Fly out, F7 (Flyball, 7LS, EV 81.3 MPH)
|
| Bottom of the 7th over - 0 runs, 0 hits, 0 errors, 0 left on base; Syracuse 5 - Las Vegas 0 |
| TOP OF THE 8TH |
|
Syracuse Chiefs batting - Pitching for Las Vegas 51s : RHP Manuel Avitia
|
|
Batting: LHB Wilson Sanchez
|
0-0: Ball 1-0: DOUBLE (Line Drive, 78D, EV 100.0 MPH)
|
|
Batting: RHB Darnell Jones
|
0-0: SINGLE (Groundball, 4D, EV 99.4 MPH) Wilson Sanchez to third Runner from 3rd tries for Home, SAFE, throw by CF to home
|
|
Batting: RHB Mike Strey
|
0-0: Ball 1-0: Called Strike 1-1: Swinging Strike 1-2: Ball 2-2: SINGLE (Groundball, 56D, EV 105.0 MPH) (infield hit) Darnell Jones to second
|
|
Pinch Hitting: SHB Roy Murdock
|
0-0: Fielders Choice at 2nd, 3-6 (Groundball, 3, EV 91.3 MPH) Darnell Jones to third
|
|
Batting: LHB Ray Whitehead
|
0-0: Swinging Strike 0-1: Ball 1-1: Ball 2-1: Fly out, F8 (Flyball, 89D, EV 81.9 MPH) Runner from 3rd tags up, SCORES, no throw by CF
|
|
Batting: RHB Dan Hilyer
|
0-0: Ball 1-0: Swinging Strike 1-1: Ground out 4-3 (Groundball, 4, EV 87.5 MPH)
|
| Top of the 8th over - 2 runs, 3 hits, 0 errors, 1 left on base; Syracuse 7 - Las Vegas 0 |
| BOTTOM OF THE 8TH |
|
Las Vegas 51s batting - Pitching for Syracuse Chiefs : LHP Tom Lewis
|
|
Pitching: RHP Mike O'Connor
|
|
|
Batting: RHB Jalen Martin
|
0-0: Ball 1-0: Called Strike 1-1: Ground out 5-3 (Groundball, 56, EV 78.8 MPH)
|
|
Batting: SHB Lorenzo Rubio
|
0-0: Ball 1-0: Called Strike 1-1: Foul Ball, location: 2F 1-2: Ground out 4-3 (Groundball, 4, EV 84.4 MPH)
|
|
Batting: RHB Julio Casillas
|
0-0: Ball 1-0: Called Strike 1-1: Swinging Strike 1-2: Ball 2-2: Ground out 5-3 (Groundball, 5S, EV 71.3 MPH)
|
| Bottom of the 8th over - 0 runs, 0 hits, 0 errors, 0 left on base; Syracuse 7 - Las Vegas 0 |
| TOP OF THE 9TH |
|
Syracuse Chiefs batting - Pitching for Las Vegas 51s : RHP Manuel Avitia
|
|
Pitching: RHP Dan Hanson
|
|
|
Batting: RHB John Loving
|
0-0: Foul Ball, location: 2F 0-1: Foul Ball, location: 2F 0-2: Ball 1-2: Ball 2-2: Foul Ball, location: 2F 2-2: Ball 3-2: Foul Ball, location: 2F 3-2: SINGLE (Line Drive, 9S, EV 88.8 MPH)
|
|
Batting: LHB Dustin Bale
|
0-0: Fly out, F9 (Flyball, 9LS, EV 76.3 MPH)
|
|
Batting: RHB Omar Lopez
|
0-0: SINGLE (Groundball, 34D, EV 97.5 MPH) John Loving to second
|
|
Batting: LHB Wilson Sanchez
|
0-0: Ball 1-0: Ball 2-0: Called Strike 2-1: Foul Ball, location: 2F 2-2: Ball 3-2: Hit by Pitch John Loving to third Omar Lopez to second
|
|
Batting: RHB Darnell Jones
|
0-0: Called Strike 0-1: Ball 1-1: Ball 2-1: DOUBLE (Flyball, 89XD, EV 102.5 MPH) John Loving scores Omar Lopez scores Wilson Sanchez to third Runner from 3rd tries for Home, SAFE, throw by CF to home
|
|
Batting: RHB Mike Strey
|
0-0: Ball 1-0: Fly out, F9 (Flyball, 9LD, EV 95.6 MPH) Runner from 2nd tags up, SAFE at 3rd, no throw by RF
|
|
Batting: RHB Mike O'Connor
|
0-0: Called Strike 0-1: Swinging Strike 0-2: Ball 1-2: Foul Ball, location: 2F 1-2: Foul Ball, location: 2F 1-2: Foul Ball, location: 2F 1-2: Ball Wild Pitch! Darnell Jones scores 2-2: Strikes out looking
|
| Top of the 9th over - 4 runs, 3 hits, 0 errors, 0 left on base; Syracuse 11 - Las Vegas 0 |
| BOTTOM OF THE 9TH |
|
Las Vegas 51s batting - Pitching for Syracuse Chiefs : RHP Mike O'Connor
|
|
Batting: RHB Dan Hanson
|
0-0: DOUBLE (Line Drive, 89XD, EV 106.3 MPH)
|
|
Pinch Hitting: RHB Tony Logan
|
0-0: Ball 1-0: Ball 2-0: Fly out, F8 (Flyball, 89D, EV 108.8 MPH) Runner from 2nd tags up, SAFE at 3rd, no throw by CF
|
|
Batting: RHB Kyle Crespo
|
0-0: Ball 1-0: Ball 2-0: Ground out 5-3 (Groundball, 5S, EV 71.3 MPH)
|
|
Batting: SHB Tony Pantaleon
|
0-0: Ball 1-0: Foul Ball, location: 2F 1-1: Ground out 4-3 (Groundball, 4, EV 83.8 MPH)
|
| Bottom of the 9th over - 0 runs, 1 hit, 0 errors, 1 left on base; Syracuse 11 - Las Vegas 0 |
|